 Dungeon Crawl Stone Soup version 0.26-a0-849-gf1512cd430 (webtiles) character file.

Game seed: 4165499013140713267

20 Ijustatesigmund the Skirmisher (level 2, 0/21 HPs)
             Began as an Octopode Fighter on Nov 20, 2020.
             Slain by a kobold
             ... wielding a +0 club
              (5 damage)
             ... on level 1 of the Dungeon.
             The game lasted 00:01:02 (446 turns).

Ijustatesigmund the Skirmisher (Octopode Fighter)    Turns: 446, Time: 00:01:02

Health: 0/21       AC:  1    Str: 15    XL:     2   Next: 79%
Magic:  2/2        EV: 11    Int: 10    God:
Gold:   0          SH:  8    Dex: 11    Spells: 1/1 levels left

rFire    . . .     SeeInvis .   a - +0 war axe
rCold    . . .     Faith    .   b - +0 kite shield
rNeg     . . .     Spirit   .   (helmet restricted)
rPois    .         Reflect  .   (no amulet)
rElec    .         Harm     .   (no ring)
rCorr    .         Rampage  .   (no ring)
MR       .....                  (no ring)
Stlth    ++........             (no ring)
HPRegen  0.07/turn              (no ring)
MPRegen  0.08/turn              (no ring)
                                (no ring)
                                (no ring)

@: mighty, brilliant
A: almost no armour, stealthy swim, amphibious, 8 rings, constrict 8, camouflage
1, gelatinous body 1
a: no special abilities


You were on level 1 of the Dungeon.
You visited 1 branch of the dungeon, and saw 2 of its levels.

Inventory:

Hand Weapons
 a - a +0 war axe (weapon)
Armour
 b - a +0 kite shield (worn)
Jewellery
 f - an uncursed ring of fire
Scrolls
 e - a scroll of identify {unknown}
 g - a scroll of noise {unknown}


   Skills:
 + Level 3.3 Fighting
 * Level 2.9 Axes
 - Level 3.0 Dodging
 - Level 3.0 Shields


You had one spell level left.
You didn't know any spells.
Your spell library was empty.

Dungeon Overview and Level Annotations

Branches:
Dungeon (2/15)

Altars:


Innate Abilities, Weirdness & Mutations

You cannot wear most types of armour.
You are very stealthy in the water. (Stealth+)
You are amphibious.
You can wear up to eight rings at the same time.
You can use your tentacles to constrict eight enemies at once.
Your skin changes colour to match your surroundings (Stealth+).
Your rubbery body absorbs attacks. (AC +1, EV +1)


Message History

You hit the bat. You barely miss the kobold. The bat barely misses you.
The kobold hits you with a +0 club. The hobgoblin closely misses you.
The kobold barely misses you.
You closely miss the hobgoblin. Your grab misses the hobgoblin.
You closely miss the kobold. You hit the rat.
You kill the rat!
The bat closely misses you. The hobgoblin misses you.
The kobold closely misses you.
You closely miss the hobgoblin. Your grab misses the hobgoblin.
You closely miss the kobold. The bat hits you but does no damage.
The hobgoblin hits you with a +0 club. The kobold hits you with a +0 club.
The hobgoblin hits you with a +0 club.
* * * LOW HITPOINT WARNING * * *
You are too injured to fight recklessly!
It was a potion of brilliance.
You feel clever all of a sudden. You block the kobold's attack.
The hobgoblin completely misses you.
You feel very mighty all of a sudden. You block the bat's attack.
The kobold hits you with a +0 club.
You die...

#...?.........##...##.#..
#......#...##..#####..#..
..#......#........#Z#..####
...#......##.##..).###.##
#..........##...........#
#..........#....####..###
###..........#....####..###
.............g...)'.......#
........?...K@..÷####..#.#
#........!b.##### ##..#.#
#...........## #.....#
#............# #..[###
g#.#............#
#...#######
.K.(.......##...#
#..>##.....
#......##.######
#.#.##..... #.........#
#.#.#...... #.........#
##.#.#.††..(


You could see a hobgoblin, a bat and a kobold.

Vanquished Creatures
  2 dart slugs (D:1)
  A leopard gecko (D:1)
  2 bats
  A goblin (D:1)
  2 hobgoblins (D:1)
  A jackal (D:1)
  3 kobolds (D:1)
  2 rats (D:1)
14 creatures vanquished.

Notes
Turn   | Place    | Note
-------+----------+-------------------------------------------
     0 | D:1      | Ijustatesigmund the Octopode Fighter began the quest for
                  | the Orb.
     0 | D:1      | Reached XP level 1. HP: 16/16 MP: 1/1
     3 | D:1      | Noticed a merfolk zombie
     6 | D:1      | Noticed a merfolk zombie
    13 | D:1      | Noticed a minotaur zombie
    17 | D:1      | Noticed a minotaur zombie
    21 | D:1      | Noticed a minotaur zombie
   125 | D:1      | Reached XP level 2. HP: 21/21 MP: 2/2
   446 | D:1      | Slain by a kobold

Illustrated notes

Levels and vault maps discovered:
D:1:      shiori_arrival_whats_in_store_for_you, layout_basic,
          minmay_misc_feat_secret_circle, minmay_nonomino_d4
D:2:      layout_rooms, minmay_randomly_rotated_circles

Action                   || total
-------------------------++-------
Melee: War axe           ||    30
       Constrict         ||     8
       Tentacles         ||     3
  Use: Potion            ||     2
 Stab: Sleeping          ||     1
Armor: Skin              ||     4
Dodge: Dodged            ||    28
Block: Kite shield       ||    19

Table legend: (Time is in decaauts)
 A = Elapsed time spent in this place.
 B = Non-inter-level travel time spent in this place.
 C = Inter-level travel time spent in this place.
 D = Time resting spent in this place.
 E = Time spent auto-exploring this place.
 F = Levels seen in this place.
 G = Mean time per level.
                   A        B        C        D        E       F      G
               +--------+--------+--------+--------+--------+-----+--------+
         Total |    458 |    458 |      0 |    152 |    188 |   2 |  229.0 |
       Dungeon |    458 |    458 |      0 |    152 |    188 |   2 |  229.0 |
               +--------+--------+--------+--------+--------+-----+--------+

Top non-repeatable levels by time:
     D:1: 290 daAuts
     D:2: 168 daAuts
